 Dungeon Crawl Stone Soup version 0.31-a0-765-g67fe2935dc (webtiles) character file.

Game seed: 18132371024623062108

13855 Shayle the Fighter (level 12, -9/96 (130) HPs)
             Began as an Ogre Shapeshifter on Sept 15, 2023.
             Was a Believer of Kikubaaqudgha.
             Succumbed to a black mamba's poison
             ... on level 1 of the Lair of Beasts.
             The game lasted 00:45:32 (13678 turns).

Shayle the Fighter (Ogre Shapeshifter)             Turns: 13678, Time: 00:45:33

HP:   -9/96 (130)   AC:  6    Str: 21    XL:     12   Next: 10%
MP:   1/33          EV:  9    Int: 15    God:    Kikubaaqudgha [**....]
Gold: 561           SH:  0    Dex:  8    Spells: 23/28 levels left

rFire   . . .        l - +8 frozen axe "Frostbite" {freeze, freezing cloud, *Noise Fly rC+}
rCold   + . .        (shield currently unavailable)
rNeg    . . .        a - +0 animal skin
rPois   .            (helmet restricted)
rElec   .            f - +2 cloak
rCorr   .            (gloves unavailable)
SInv    .            (boots unavailable)
Will    +....        e - amulet of guardian spirit
Stlth   +            x - ring of magical power
HPRegen 0.36/turn    (no ring)
MPRegen 0.23/turn

%: guardian spirit
@: lethally poisoned (-9 -> -63), flying, very heavily drained
A: large, unfitting armour, tough skin 1
a: Renounce Religion, Unearth Wretches


You were on level 1 of the Lair of Beasts.
You worshipped Kikubaaqudgha.
Kikubaaqudgha was pleased with you.
You visited 3 branches of the dungeon, and saw 10 of its levels.
You also visited: Bailey.

You collected 561 gold pieces.

Inventory:

Hand Weapons
 j - a +4 vampiric spear
 k - the +6 mace "Xuhov Jiwk" {vamp, Will+}
   (You found it on level 2 of the Dungeon)

   Will+:     It increases your willpower.
 l - the +8 frozen axe "Frostbite" (weapon) {freeze, freezing cloud, *Noise Fly rC+}
   (You acquired it in a bailey)

   rC+:       It protects you from cold.
   Fly:       It grants you flight.
   *Noise:    It may make a loud noise when swung.
 w - the +12 longbow of Earthquakes {freeze, Int+3 Stlth+}
   (You found it in a bailey)

   Int+3:     It affects your intelligence (+3).
   Stlth+:    It makes you more stealthy.
 y - a +5 scimitar of electrocution
Missiles
 n - 2 throwing nets
 q - 6 curare-tipped darts (quivered)
Armour
 a - a +0 animal skin (worn)
 f - a +2 cloak (worn)
 o - a +1 kite shield
Jewellery
 e - an amulet of guardian spirit (around neck)
 x - a ring of magical power (left hand)
Talismans
 c - a beast talisman
 d - a flux talisman
 i - a talisman of death
Scrolls
 b - a scroll of vulnerability
 g - a scroll of poison
 v - a scroll of identify
Potions
 m - 4 potions of attraction
 p - 2 potions of brilliance
 r - a potion of haste {unknown}
 s - a potion of invisibility {unknown}
 t - a potion of enlightenment {unknown}
 u - a potion of degeneration {unknown}
 z - 2 potions of magic
 A - a potion of resistance {unknown}


   Skills:
 + Level 11.3 Fighting
 - Level 1.7 Dodging
 + Level 7.7 Shields
 - Level 2.6 Unarmed Combat
 - Level 8.5 Spellcasting
 + Level 6.4 Necromancy
 - Level 5.7 Earth Magic
 + Level 8.5 Shapeshifting


You had 23 spell levels left.
You knew the following spells:

 Your Spells              Type           Power      Damage    Failure   Level
a - Mephitic Cloud        Conj/Pois/Air  6%         N/A       34%         3
b - Call Imp              Summ           12%        N/A       17%         2

Your spell library contained the following spells:

 Spells                   Type           Power      Damage    Failure   Level
 Necrotise                Necr           100%       1d9       1%          1
 Sublimation of Blood     Necr           25%        N/A       1%          2
 Vampiric Draining        Necr           25%        2d7       2%          3
 Passwall                 Tmut/Erth      11%        N/A       5%          2
 Cigotuvi's Dreadful Rot  Necr/Pois/Air  24%        N/A       7%          2
 Magic Dart               Conj           24%        1d4       12%         1
 Ensorcelled Hibernation  Hex/Ice        12%        N/A       17%         2
 Dazzling Flash           Conj/Hex       12%        N/A       34%         3
 Swiftness                Air            6%         N/A       34%         3
 Volatile Blastmotes      Fire/Tloc      12%        2d11      34%         3
 Starburst                Conj/Fire      3%         6d3       100%        6
 Maxwell's Capacitive Co  Air            3%         ∞         100%        8


Dungeon Overview and Level Annotations

Branches:
Dungeon (8/15)             Temple (1/1) D:4            Lair (1/5) D:8
 Bailey (visited)

Altars:
Ashenzari
Cheibriados
Dithmenos
Elyvilon
Fedhas
Gozag
Hepliaklqana
Kikubaaqudgha
Nemelex Xobeh
Qazlal
Ru
Sif Muna
Trog
Uskayaw
Wu Jian
Xom
Yredelemnul
Zin

Annotations:
D:6 1 runed translucent door


Innate Abilities, Weirdness & Mutations

You are too large for most types of armour.
You have tough skin. (AC +1)


Message History

The black mamba poisons you!
You slash the black mamba! You freeze the black mamba.
The black mamba is moderately wounded.
You feel extremely sick.
The black mamba is no longer moving slowly.
The black mamba bites you!
* * * LOW HITPOINT WARNING * * *
The black mamba bites you!
* * * LOW HITPOINT WARNING * * *
The black mamba closely misses you.
You barely miss the black mamba.
The black mamba is moderately wounded.
* * * LOW HITPOINT WARNING * * *
You feel extremely sick. The black mamba bites you!
* * * LOW HITPOINT WARNING * * *
You are more poisoned.
The black mamba poisons you!
The black mamba bites you but does no damage.
The black mamba closely misses you.
You feel much better.
* * * LOW HITPOINT WARNING * * *
You feel extremely sick. The black mamba bites you!
* * * LOW HITPOINT WARNING * * *
You are more poisoned.
The black mamba poisons you! The black mamba bites you.
* * * LOW HITPOINT WARNING * * *
You are more poisoned.
The black mamba poisons you!
Okay, then.
Okay, then.
Okay, then.
Casting: Mephitic Cloud (dangerous; 34% risk of failure)
Confirm with . or Enter, or press ? or * to list all spells.
Okay, then.
You closely miss the black mamba.
The black mamba is moderately wounded.
You die...
Kikubaaqudgha rasps: "You have failed me!
Welcome... death!"

## #.....#.....###
##....#.....#.#
#............#
##...........##
#.#.........P#
####.........#
##........##
#####.........#
#...@...÷.....#
#.....S......(....
..:...............
..................
...........#.##...
............## ##.
..........!..
.............#


You could see a black mamba.

Vanquished Creatures
  An orc knight (Bailey)
  An orc sorcerer (Bailey)
  A kobold demonologist (Bailey)
  A komodo dragon (D:8)
  A polar bear (Lair:1)
  Grinder (D:4)
  Sigmund (D:6)
  3 wyverns (D:7)
  A steam dragon (D:7)
  Edmund (D:4)
  3 water moccasins
  8 orc warriors
  2 sky beasts
  2 ice beasts (D:6)
  4 ogres
  3 black bears
  A centaur (D:6)
  4 phantoms
  A kobold brigand (D:8)
  3 bullfrogs
  A scorpion (D:3)
  A gnoll sergeant (D:5)
  14 wights
  6 electric eels (Bailey)
  6 jellies
  2 gnoll boudas
  5 hounds
  6 orc priests
  4 iguanas
  2 sleepcaps
  9 orc wizards
  27 gnolls
  11 adders
  2 white imps
  A worm (D:4)
  2 dart slugs
  27 orcs
  7 ball pythons
  7 endoplasms
  5 giant cockroaches
  27 goblins
  24 hobgoblins
  6 jackals
  3 quokkas
  8 bats
  4 frilled lizards (D:1)
  9 kobolds
  5 rats
274 creatures vanquished.

Vanquished Creatures (others)
  A water moccasin (D:8)
  A black bear (D:8)
2 creatures vanquished.

Grand Total: 276 creatures vanquished

Notes
Turn   | Place    | Note
-------+----------+-------------------------------------------
     0 | D:1      | Shayle the Ogre Shapeshifter began the quest for the Orb.
     0 | D:1      | Reached XP level 1. HP: 19/19 MP: 1/1
   252 | D:1      | Reached XP level 2. HP: 26/28 MP: 1/3
   298 | D:1      | Reached skill level 1 in Spellcasting
   350 | D:1      | Reached skill level 2 in Fighting
   474 | D:1      | Reached XP level 3. HP: 34/36 MP: 3/5
   865 | D:2      | Identified the +6 mace "Xuhov Jiwk" {vamp, Will+}
   940 | D:2      | Found a faded altar of an unknown god.
   955 | D:2      | Reached skill level 3 in Fighting
   959 | D:2      | Reached XP level 4. HP: 13/45 MP: 5/7
  1440 | D:2      | Reached XP level 5. HP: 46/53 MP: 5/8
  1599 | D:2      | Reached skill level 4 in Fighting
  1946 | D:2      | Found a basalt altar of Yredelemnul.
  2516 | D:3      | Reached XP level 6. HP: 39/63 MP: 4/10
  2744 | D:3      | Reached skill level 5 in Fighting
  2885 | D:3      | Upgraded the game from 0.31-a0-750-gfe7b580527 to
                  | 0.31-a0-765-g67fe2935dc
  3026 | D:3      | HP: 3/99 [poisoned by a scorpion]
  3031 | D:3      | Reached XP level 7. HP: 30/72 MP: 3/13
  3313 | D:4      | Noticed Edmund
  3331 | D:4      | Killed Edmund
  3332 | D:4      | Reached skill level 6 in Fighting
  3332 | D:4      | Reached skill level 5 in Shapeshifting
  3874 | D:4      | Reached skill level 5 in Spellcasting
  3901 | D:4      | Noticed Grinder
  3918 | D:5      | Entered Level 5 of the Dungeon
  4340 | D:5      | Reached XP level 8. HP: 74/84 MP: 12/16
  4408 | D:5      | Reached skill level 7 in Fighting
  5006 | D:6      | Learned a level 3 spell: Mephitic Cloud
  5009 | D:6      | Learned a level 2 spell: Call Imp
  5266 | D:5      | Reached skill level 8 in Fighting
  5794 | D:6      | Reached skill level 1 in Shields
  5799 | D:6      | Noticed Sigmund
  5813 | D:6      | Killed Sigmund
  5814 | D:6      | Reached XP level 9. HP: 81/97 MP: 11/19
  6422 | D:6      | Found a runed translucent door.
  6558 | D:6      | Reached skill level 9 in Fighting
  7474 | D:4      | Paralysed by Grinder for 4 turns
  7485 | D:4      | Killed Grinder
  7560 | D:4      | Found a staircase to the Ecumenical Temple.
  7569 | Temple   | Entered the Ecumenical Temple
  7593 | Temple   | Became a worshipper of Kikubaaqudgha
  8192 | D:7      | Reached skill level 5 in Shields
  8311 | D:7      | Reached XP level 10. HP: 87/109 MP: 14/21
  9222 | D:7      | Reached * piety under Kikubaaqudgha
  9222 | D:7      | Received a gift from Kikubaaqudgha
  9243 | D:7      | Reached skill level 10 in Fighting
  9462 | D:8      | Found a flagged portal.
  9467 | Bailey   | Entered a bailey
  9629 | Bailey   | Noticed an orc knight
  9682 | Bailey   | Killed an orc knight
 10527 | Bailey   | Reached ** piety under Kikubaaqudgha
 10624 | Bailey   | Acquired the +8 frozen axe "Frostbite" {freeze, freezing
                  | cloud, *Noise Fly rC+}
 10624 | Bailey   | Found the +8 frozen axe "Frostbite" {freeze, freezing
                  | cloud, *Noise Fly rC+}
 10740 | Bailey   | Noticed a kobold demonologist
 10762 | Bailey   | Noticed an orc sorcerer
 10763 | Bailey   | Noticed a sun demon
 10763 | Bailey   | Killed a kobold demonologist
 10764 | Bailey   | Reached skill level 1 in Necromancy
 11166 | Bailey   | Found an iron altar of Okawaru.
 11192 | Bailey   | Killed an orc sorcerer
 11245 | Bailey   | Identified the +12 longbow of Earthquakes {freeze, Int+3
                  | Stlth+}
 11303 | Bailey   | Reached skill level 5 in Earth Magic
 11303 | Bailey   | Reached XP level 11. HP: 119/119 MP: 23/23
 11376 | D:8      | Found a staircase to the Lair.
 11621 | D:8      | Reached skill level 11 in Fighting
 12463 | D:7      | Reached XP level 12. HP: 81/130 MP: 19/24
 13325 | Lair:1   | Entered Level 1 of the Lair of Beasts
 13676 | Lair:1   | HP: 2/96 [black mamba (7)]
 13678 | Lair:1   | Succumbed to a black mamba's poison

Illustrated notes

Levels and vault maps discovered:
D:1:      beargit_arrival_diablo_church, layout_loops_ring
D:2:      cheibrodos_greedy_goblins, layout_loops_corners, basic_altar,
          ebering_ecumenical_altar_webs
D:3:      layout_basic, hangedman_decor_growths, minmay_fountain_box,
          dreamdust_mushroom_princess
D:4:      layout_rooms, minmay_temple_entry_statues_fountains, minmay_bisected,
          uniq_edmund, uniq_grinder
D:5:      layout_basic, minivault_11
D:6:      layout_loops_ring, nrook_mini_vaults, lightli_church_of_beogh,
          uniq_duvessa, uniq_sigmund
D:7:      layout_basic
D:8:      layout_rooms, due_lair_maze_entry_diamond, enter_bailey_3,
          lemuel_flamethrower_2
Temple:   dpeg_three_leaves_temple
Lair:1:   statuecave_lemuel, layout_cave_pods, enter_volcano_4

Skill      XL: |  1  2  3  4  5  6  7  8  9 10 11 |
---------------+----------------------------------+-----
Spellcasting   | 1 2 3 4 5 6 7 8 |  8.5
Fighting       | 2 3 4 5 6 8 9 10 11 | 11.3
Shapeshifting  | 4 5 6 7 8 |  8.5
Shields        | 2 5 7 |  7.7
Necromancy     | 6 |  6.4
Earth Magic    | 5 |  5.7
Dodging        | |  1.7
Unarmed Combat | |  2.6

Action                     |  1- 3 |  4- 6 |  7- 9 | 10-12 || total
---------------------------+-------+-------+-------+-------++-------
  Melee: Unarmed           |   118 |       |       |    31 ||   149
         Mace              |     6 |   133 |   343 |   101 ||   583
         Punch             |     1 |     1 |     1 |       ||     3
         Executioner's axe |       |       |       |    93 ||    93
   Fire: Longbow           |       |       |       |     3 ||     3
  Throw: Dart              |     2 |       |     9 |     7 ||    18
         Throwing net      |       |       |     2 |       ||     2
   Cast: Mephitic Cloud    |       |       |       |     1 ||     1
Ability: Begin Untransform |       |       |       |     1 ||     1
  Evoke: Wand              |       |       |     5 |    22 ||    27
    Use: Potion            |     2 |     4 |     2 |     4 ||    12
         Scroll            |     1 |     4 |    13 |    10 ||    28
   Stab: Sleeping          |     1 |       |       |       ||     1
 Armour: Animal skin       |    81 |   139 |   329 |   338 ||   887
         Skin              |     1 |    23 |     2 |       ||    26
  Dodge: Dodged            |    51 |    80 |   198 |   123 ||   452
  Block: Kite shield       |       |       |    76 |    50 ||   126
   Form: Flux              |       |       |       |     1 ||     1

Table legend: (Time is in decaauts)
 A = Elapsed time spent in this place.
 B = Non-inter-level travel time spent in this place.
 C = Inter-level travel time spent in this place.
 D = Time resting spent in this place.
 E = Time spent auto-exploring this place.
 F = Levels seen in this place.
 G = Mean time per level.
                   A        B        C        D        E       F      G
               +--------+--------+--------+--------+--------+-----+--------+
         Total |  14049 |  13265 |    784 |   5166 |   4599 |  11 | 1277.2 |
       Dungeon |  11932 |  11148 |    784 |   4004 |   4512 |   8 | 1491.5 |
        Temple |     31 |     31 |      0 |      0 |      0 |   1 |   31.0 |
          Lair |    147 |    147 |      0 |      0 |     32 |   1 |  147.0 |
        Bailey |   1937 |   1937 |      0 |   1162 |     55 |   1 | 1937.0 |
               +--------+--------+--------+--------+--------+-----+--------+

Top non-repeatable levels by time:
     D:6: 2579 daAuts
     D:7: 2348 daAuts
  Bailey: 1937 daAuts
     D:5: 1498 daAuts
     D:3: 1288 daAuts
     D:2: 1233 daAuts
     D:8: 1116 daAuts
     D:4: 1022 daAuts
     D:1: 845 daAuts
  Lair:1: 147 daAuts
  Temple: 31 daAuts
